 Dungeon Crawl Stone Soup version 0.23.1 (console) character file.

Game seed: 0

324213 joo the Warrior (level 21, -11/131 HPs)
             Began as a Gargoyle Gladiator on Mar 6, 2019.
             Was the Champion of Hepliaklqana.
             Killed from afar by a wretched star (34 damage)
             ... with an orb of energy
             ... on level 3 of the Abyss on Mar 14, 2019.
             The game lasted 07:19:02 (47734 turns).

joo the Warrior (Gargoyle Gladiator)               Turns: 47734, Time: 07:19:03

Health: -11/131    AC: 50    Str: 28    XL:     21   Next: 59%
Magic:  28/28      EV:  9    Int: 11    God:    Hepliaklqana [******]
Gold:   3590       SH: 15    Dex: 11    Spells: 24/29 levels left

rFire    + + .     SeeInvis +   a - +7 demon trident (freeze)
rCold    + . .     Gourm    .   x - +0 shield {reflect}
rNeg     + . .     Faith    .   X - +2 plate armour of the Kangaroo {rF++ Str+2}
rPois    ∞         Spirit   .   Y - +2 helmet {SInv}
rElec    +         Reflect  +   o - scarf {cloud immunity}
rCorr    .         Harm     .   p - +2 pair of gloves
MR       +....                  m - +1 pair of boots {run}
Stlth    ..........             (no amulet)
HPRegen  0.31/turn              d - +4 ring of protection
MPRegen  0.21/turn              y - ring of protection from cold

@: flying, very slightly contaminated, quick
A: reduced essence, big wings, [blurry vision 1], negative energy resistance 1,
electricity resistance, unbreathing, petrification resistance, rot immunity, AC
+16
}: 2/15 runes: serpentine, barnacled
a: Stop Flying, Recall Ancestor, Ancestor Identity, Transference, Idealise,
Renounce Religion


You were on level 3 of the Abyss.
You worshipped Hepliaklqana.
Hepliaklqana was exalted by your worship.
You were not hungry.

You visited 9 branches of the dungeon, and saw 37 of its levels.
You visited the Abyss 2 times.
You also visited: Ice Cave and Desolation.

You collected 3590 gold pieces.

Inventory:

Hand Weapons
 a - a +7 demon trident of freezing (weapon)
 b - a +0 blowgun
 H - a +8 demon trident of pain
Missiles
 g - 3 throwing nets
 n - 9 curare-tipped needles
 s - 68 javelins (quivered)
 v - 14 javelins of penetration
Armour
 m - a +1 pair of boots of running (worn)
 o - a scarf of cloud immunity (worn)
 p - a +2 pair of gloves (worn)
 x - a +0 shield of reflection (worn)
 X - the +2 plate armour of the Kangaroo (worn) {rF++ Str+2}
   (You found it on level 4 of the Lair of Beasts)

   It affects your strength (+2).
   It greatly protects you from fire.
 Y - a +2 helmet of see invisible (worn)
Jewellery
 d - a +4 ring of protection (left hand)
 y - a ring of protection from cold (right hand)
 E - an uncursed ring of positive energy
 P - an uncursed ring of resist corrosion
 S - the ring of Furie {rN+ Int+2}
   (You acquired it on level 3 of the Lair of Beasts)

   [ring of intelligence]

   It affects your intelligence (+2).
   It protects you from negative energy.
Wands
 l - a wand of acid (7)
 q - a wand of digging (7)
 t - a wand of polymorph (9)
 u - a wand of clouds (4)
 D - a wand of disintegration (16)
 G - a wand of paralysis (16)
 M - a wand of scattershot (5)
 O - a wand of flame (62)
 R - a wand of enslavement (12)
Scrolls
 i - 14 scrolls of remove curse
 k - 13 scrolls of teleportation
 w - 2 scrolls of holy word
 z - 11 scrolls of identify
 B - 4 scrolls of immolation
 C - 6 scrolls of fog
 I - 2 scrolls of blinking
 K - 3 scrolls of fear
 L - 4 scrolls of magic mapping
Potions
 e - 2 potions of berserk rage
 r - 2 potions of curing
 A - 3 potions of lignification
 F - 4 potions of haste
 J - 2 potions of resistance
Miscellaneous
 c - a lightning rod (4/4)
Comestibles
 f - 51 rations


   Skills:
 - Level 20.0 Fighting
 - Level 16.8 Polearms
 - Level 8.5 Throwing
 - Level 18.1 Armour
 - Level 2.4 Dodging
 - Level 17.1 Shields
 + Level 4.9 Spellcasting
 + Level 4.9 Charms
 - Level 9.4 Invocations


You had 24 spell levels left.
You knew the following spells:

 Your Spells              Type           Power        Failure   Level  Hunger
a - Apportation           Tloc           #.....       73%         1    None
b - Infusion              Chrm           ##..         14%         1    None
c - Magic Dart            Conj           #...         73%         1    None
d - Song of Slaying       Chrm           ##......     22%         2    ##.....

Your spell library contained the following spells:

 Spells                   Type           Power        Failure   Level  Hunger
 Shroud of Golubria       Chrm/Tloc      #.........   52%         2    ##.....
 Animate Skeleton         Necr           N/A          73%         1    None
 Beastly Appendage        Tmut           #.....       73%         1    None
 Confusing Touch          Hex            #.....       73%         1    None
 Freeze                   Ice            #...         73%         1    None
 Pain                     Necr           #...         73%         1    None
 Sting                    Conj/Pois      #...         73%         1    None
 Summon Small Mammal      Summ           #...         73%         1    None
 Ozocubu's Armour         Chrm/Ice       #.......     75%         3    ###....
 Regeneration             Chrm/Necr      #.........   75%         3    ###....
 Spectral Weapon          Hex/Chrm       #.......     75%         3    ###....
 Blink                    Tloc           N/A          86%         2    ##.....
 Call Imp                 Summ           #.......     86%         2    ##.....
 Poisonous Vapours        Pois/Air       #.....       86%         2    ##.....
 Slow                     Hex            #.......     86%         2    ##.....
 Sticks to Snakes         Tmut           #.......     86%         2    ##.....
 Throw Frost              Conj/Ice       #.....       86%         2    ##.....
 Conjure Flame            Conj/Fire      #.......     97%         3    ###....
 Mephitic Cloud           Conj/Pois/Air  #.......     97%         3    ###....
 Portal Projectile        Hex/Tloc       #.....       97%         3    ###....
 Recall                   Summ/Tloc      N/A          97%         3    ###....
 Spider Form              Tmut/Pois      #.........   97%         3    ###....
 Summon Guardian Golem    Hex/Summ       #.......     97%         3    ###....
 Vampiric Draining        Necr           #.........   97%         3    ###....
 Animate Dead             Necr           N/A          100%        4    ####...
 Ice Form                 Ice/Tmut       #.......     100%        4    ####...
 Olgreb's Toxic Radiance  Pois           #.......     100%        4    ####...
 Petrify                  Tmut/Erth      #.......     100%        4    ####...
 Summon Ice Beast         Ice/Summ       #.......     100%        4    ####...
 Throw Icicle             Conj/Ice       #.......     100%        4    ####...
 Aura of Abjuration       Summ           #.........   100%        5    ######.
 Blade Hands              Tmut           #.........   100%        5    ######.
 Borgnjor's Vile Clutch   Necr/Erth      #.........   100%        5    ######.
 Lee's Rapid Deconstruct  Erth           #.........   100%        5    ######.
 Summon Demon             Summ           #.........   100%        5    ######.
 Summon Forest            Summ/Tloc      #.........   100%        5    ######.
 Summon Mana Viper        Hex/Summ       #.......     100%        5    ######.
 Venom Bolt               Conj/Pois      #.........   100%        5    ######.
 Death Channel            Necr           #.........   100%        6    #######
 Shadow Creatures         Summ           N/A          100%        6    #######
 Simulacrum               Ice/Necr       #.........   100%        6    #######


Dungeon Overview and Level Annotations

Branches:
Dungeon (15/15)            Temple (1/1) D:7            Lair (6/6) D:9
 Shoals (4/4) Lair:3        Snake (4/4) Lair:4        Slime (0/5) Lair:5
    Orc (2/2) D:9             Elf (1/3) Orc:2        Vaults (3/5) D:14
  Crypt (0/3) Vaults:3     Depths (1/5) D:15

Altars:
Ashenzari
Cheibriados
Dithmenos
Elyvilon
Fedhas
Gozag
Hepliaklqana
Kikubaaqudgha
Makhleb
Nemelex Xobeh
Okawaru
Qazlal
Ru
Sif Muna
Trog
Uskayaw
Vehumet
Wu Jian
Xom
Yredelemnul
Zin
The Shining One
Beogh

Shops:
Orc:2 ([[}   Vaults:1 [   Vaults:2 %

Portals:
Trove: D:12 (give 17 potions of curing)

Annotations:
D:6 1 runed translucent door, exclusion: door, Crazy Yiuf
Lair:4 2 transporters, Tutankhamun's ghost, journeyman GnSk
Shoals:4 exclusion: Roxanne, Roxanne
Vaults:3 exclusions: 2 ice statues and 1 more exclusion


Innate Abilities, Weirdness & Mutations

You are resistant to torment.
Your stone body is resilient. (AC +16)
You are immune to poison.
Your large and strong wings let you fly indefinitely.
You resist negative energy. (rN+)
You are resistant to electric shocks. (rElec)
You can survive without breathing.
You are immune to petrification.
You are immune to rotting.
Your life essence is reduced to manifest your ancestor. (-10% HP)
[Scrolls take you a little longer to read.]


Message History

Okay, then.
Press: ? - help, v - describe, . - travel
Here: a wretched star The floor.
Attack whom?
Press: ? - help, Dir - move target cursor, f - wretched star
Aim: a wretched star You could not reach far enough!
The wretched star glows turbulently.
The orb of energy hits buny!!
The orb of energy explodes!
The mystic blast hits you but does no damage.
Attack whom?
Press: ? - help, Dir - move target cursor, f/p - wretched star
Aim: a wretched star You could not reach far enough!
Buny hits the wretched star with a +0 dagger of draining.
The wretched star glows turbulently.
The orb of energy hits buny!!
The orb of energy explodes!
The mystic blast hits you!!
You die...

#. .#..###.#.
.
#...#..#.....
#.(#..##....#
### ...#..#
#..#X....# .
#...R.### ..
#...#§##
#.#.. #.#*###
..## #..#R@#
# #.###..## x
#...## #..##
#... ##. . .#


You could see the friendly buny the hexer and a wretched star.

Vanquished Creatures
  A bone dragon (Abyss:4)
  2 Ice Fiends (IceCv)
  Jorgrun (Orc:2)
  A tentacled monstrosity (Vaults:3)
  An Executioner (Abyss:4)
  3 krakens
  An ancient champion (Vaults:3)
  Polyphemus (Shoals:3)
  A tentacled starspawn (Abyss:4)
  Kirke (Shoals:4)
  An azure jelly (Vaults:3)
  Donald (Vaults:1)
  4 frost giants
  7 nagarajas
  Louise (Shoals:1)
  2 vault wardens
  3 orc warlords
  An imperial myrmidon (Desolation)
  A stone giant (Vaults:2)
  3 entropy weavers
  An ironheart preserver (Vaults:1)
  3 halazid warlocks (Desolation)
  2 ettins
  2 crystal guardians (Desolation)
  8 merfolk javelineers (Shoals:4)
  A fire dragon (Lair:6)
  5 ragged hierophants (Desolation)
  10 merfolk impalers
  A great orb of eyes (Vaults:2)
  8 servants of whispers (Desolation)
  4 yaktaur captains
  5 rakshasas
  An ice dragon (Vaults:2)
  12 naga warriors
  2 peacekeepers
  12 vault guards
  9 hydras
  A quicksilver dragon skeleton (Abyss:3)
  A catoblepas (Lair:6)
  4 merfolk avatars
  5 centaur warriors
  9 anacondas
  2 death knights
  4 merfolk aquamancers
  An alligator snapping turtle (Shoals:4)
  An ogre mage (Vaults:1)
  3 dancing weapons
  A vampire mage (Vaults:3)
  3 death yaks (Shoals:3)
  A satyr (Shoals:4)
  11 two-headed ogres
  8 naga sharpshooters
  5 orc high priests
  5 shock serpents
  4 thrashing horrors (Abyss:3)
  5 deep elf knights
  Sonja (Lair:4)
  A shadow wraith (Vaults:1)
  3 fire crabs
  A sixfirhy (Abyss:3)
  2 skeletal warriors (Vaults:2)
  14 sea snakes
  2 wretched stars
  7 unseen horrors
  2 deep trolls (Vaults:1)
  A swamp dragon (Abyss:4)
  10 ironbrand convokers
  2 naga ritualists (Snake:4)
  3 wizards
  2 flayed ghosts
  12 orc knights
  4 mana vipers
  A wolf spider zombie (D:14)
  23 harpies
  A deep elf archer (Elf:1)
  A harpy (shapeshifter) (Vaults:1)
  20 ugly things
  5 deep elf magi
  4 oklob plants (Lair:4)
  2 wolf spiders
  5 orc sorcerers
  A mana viper (shapeshifter) (Vaults:1)
  3 fauns (Shoals:2)
  10 salamanders
  10 elephants
  7 cyclopes
  8 manticores
  2 vault sentinels (Vaults:2)
  6 water nymphs
  9 merfolk sirens
  7 guardian serpents
  20 black mambas
  8 starcursed masses (Abyss:3)
  An elephant (shapeshifter) (Vaults:2)
  An apocalypse crab (Abyss:4)
  2 ice statues (IceCv)
  A torpor snail (Lair:6)
  20 naga magi
  6 spiny frogs
  3 molten gargoyles (Lair:6)
  2 rime drakes
  2 gargoyles
  5 komodo dragons
  3 kobold demonologists
  27 yaktaurs
  3 freezing wraiths
  12 ice devils (IceCv)
  A hellwing (Abyss:4)
  3 jumping spiders
  A tengu conjurer (D:14)
  2 ancient zymes
  A queen bee (Lair:3)
  6 trolls
  A queen bee (shapeshifter) (D:15)
  4 wind drakes
  34 merfolk
  9 blink frogs
  45 saltlings
  3 hornets (Vaults:1)
  A hornet (shapeshifter) (Vaults:3)
  7 snapping turtles
  Grinder (D:6)
  A blink frog (shapeshifter) (Vaults:1)
  15 slime creatures
  A large abomination (Abyss:4)
  2 dream sheep (Shoals:3)
  6 hippogriffs
  A raiju (Abyss:4)
  A human simulacrum (Vaults:1)
  5 vampires
  4 air elementals (Elf:1)
  A spriggan (shapeshifter) (Vaults:1)
  A ynoxinul (Abyss:3)
  2 redbacks
  A spriggan (D:7)
  Sigmund (D:6)
  A shadow (D:13)
  5 wraiths
  3 wyverns
  7 basilisks
  2 fire bats
  36 yaks
  A fire elemental (Elf:1)
  12 water elementals
  A yak (shapeshifter) (Vaults:2)
  Eustachio (D:4)
  Menkaure (D:5)
  A harpy simulacrum (Vaults:3)
  8 wargs
  28 nagas
  2 acid dragons
  3 hell hounds (Lair:6)
  13 porcupines
  9 water moccasins
  A black bear (Lair:1)
  48 orc warriors
  A black bear (shapeshifter) (Vaults:3)
  An ice beast (D:5)
  A necrophage (D:9)
  2 phantoms
  A black mamba simulacrum (Vaults:3)
  4 sky beasts
  18 ogres
  The ghost of Tutankhamun the Twirler, an amateur MiGl of Okawaru (D:3)
  A fire dragon simulacrum (Vaults:3)
  7 wolves (Lair:1)
  4 boggarts (Vaults:1)
  17 centaurs
  15 crocodiles
  A big kobold (D:7)
  Blork the orc (D:4)
  A gnoll sergeant (D:6)
  18 bullfrogs
  A wyvern skeleton (D:6)
  2 scorpions
  An elephant simulacrum (Vaults:3)
  An elf simulacrum (Vaults:2)
  20 killer bees
  5 wights
  2 howler monkeys
  A hexer (D:13)
  5 crimson imps
  5 lava snakes (Lair:6)
  2 centaur zombies
  8 hounds
  24 orc priests
  5 bullfrog skeletons
  A centaur skeleton (D:10)
  7 jellies
  An iron imp (Abyss:3)
  3 iguanas
  Terence (D:2)
  28 orc wizards
  4 worker ants
  2 troll simulacra (Vaults:3)
  A hound zombie (D:5)
  A hound skeleton (D:10)
  30 adders
  7 gnolls
  2 howler monkey skeletons
  A naga simulacrum (Vaults:3)
  5 shadow imps
  9 white imps (IceCv)
  2 ufetubi (IceCv)
  5 oozes
  A worm (D:2)
  8 leopard geckos
  120 orcs
  2 ball pythons (Lair:4)
  2 giant cockroaches (D:4)
  3 goblins
  5 hobgoblins
  17 jackals
  14 kobolds
  3 quokkas
  7 bats
  7 rats
  A bush (Lair:6)
  3 lurking horrors
  A plant (Lair:4)
  A starspawn tentacle (Abyss:4)
  8 tentacles
1338 creatures vanquished.

Vanquished Creatures (collateral kills)
  Ilsuiw (Shoals:4)
  An azure jelly (Vaults:3)
  A nagaraja (Snake:4)
  A vault warden (Vaults:3)
  The ghost of Abelaar the Cleaver, a journeyman MiBe of Trog (Snake:1)
  An entropy weaver (Vaults:2)
  A merfolk javelineer (Shoals:4)
  3 merfolk impalers
  An ogre mage (Vaults:3)
  A ragged hierophant (Desolation)
  A servant of whispers (Desolation)
  2 hydras
  2 naga warriors (Snake:2)
  2 anacondas (Snake:3)
  A merfolk aquamancer (Shoals:3)
  3 two-headed ogres
  A merfolk avatar (Shoals:4)
  A catoblepas (Shoals:3)
  A satyr (Shoals:2)
  5 naga sharpshooters
  A skeletal warrior (Vaults:2)
  A deep troll (Vaults:1)
  4 sea snakes
  2 unseen horrors
  An ironbrand convoker (Vaults:1)
  A wizard (Vaults:3)
  2 deep elf archers
  2 deep elf magi (Elf:1)
  3 ugly things
  An orc sorcerer (Orc:2)
  6 elephants
  4 manticores
  5 merfolk sirens
  A water nymph (Shoals:4)
  An ice statue (Snake:3)
  A gargoyle (D:11)
  A spiny frog (Lair:4)
  4 naga magi
  3 black mambas
  A komodo dragon (Lair:1)
  A freezing wraith (D:14)
  An ice devil (IceCv)
  2 merfolk
  A troll (D:15)
  3 hornets
  A snapping turtle (Shoals:4)
  A blink frog (Lair:3)
  4 saltlings (Desolation)
  4 slime creatures
  4 hippogriffs
  A dream sheep (Shoals:3)
  A redback (Vaults:2)
  2 yaks
  A wyvern (Lair:2)
  A water elemental (Shoals:3)
  2 basilisks
  A steam dragon (Lair:6)
  A large abomination (Abyss:3)
  A warg (Orc:2)
  4 nagas
  3 water moccasins
  An acid dragon (D:15)
  2 porcupines
  7 orc warriors
  A fire dragon simulacrum (Vaults:3)
  A black bear (D:9)
  2 centaurs
  A centaur (shapeshifter) (D:13)
  A crocodile (Lair:2)
  A wolf (Lair:1)
  A big kobold (D:11)
  3 bullfrogs
  2 wights (D:11)
  8 killer bees
  A starcursed mass (Abyss:3)
  A jelly (D:14)
  2 hounds
  4 orc priests
  5 orc wizards
  2 worker ants
  5 adders
  A white imp (IceCv)
  An ufetubus (IceCv)
  An adder zombie (D:8)
  27 orcs
  A ball python (Lair:4)
  A jackal (D:9)
  A bat (Orc:1)
  5 kobolds
  A fungus (Lair:3)
  A lurking horror (Abyss:3)
  A plant (Lair:4)
  A tentacle (Shoals:4)
209 creatures vanquished.

Vanquished Creatures (others)
  Nikola (Shoals:3)
  An eidolon (Abyss:4)
  A two-headed ogre (Vaults:3)
  A sixfirhy (Abyss:4)
  An orb spider (shapeshifter) (Vaults:1)
  5 yaktaurs
  A redback (Vaults:1)
  4 humans (Shoals:4)
  A spatial vortex (Vaults:3)
  A centaur (Vaults:1)
  A starcursed mass (Abyss:3)
  62 hexers
  7 ancestors
  2 white imps (IceCv)
  3 ufetubi (IceCv)
  11 fungi
  25 plants
  10 starspawn tentacles (Abyss:4)
  47 tentacles
185 creatures vanquished.

Grand Total: 1732 creatures vanquished

Notes
Turn   | Place    | Note
-------+----------+-------------------------------------------
     0 | D:1      | joo the Gargoyle Gladiator began the quest for the Orb.
     0 | D:1      | Reached XP level 1. HP: 12/12 MP: 1/1
   107 | D:1      | Reached XP level 2. HP: 18/18 MP: 2/2
   770 | D:2      | Noticed Terence
   854 | D:1      | Reached skill level 3 in Fighting
   854 | D:1      | Reached skill level 1 in Armour
   854 | D:1      | Reached XP level 3. HP: 17/23 MP: 3/3
  1300 | D:2      | Found a shimmering altar of Xom.
  1305 | D:2      | Found a shimmering altar of Xom.
  1306 | D:2      | Found a shimmering altar of Xom.
  1307 | D:2      | Found a shimmering altar of Xom.
  1419 | D:2      | Killed Terence
  1419 | D:2      | Reached XP level 4. HP: 29/29 MP: 4/4
  1603 | D:3      | Found a runed translucent door.
  1611 | D:3      | Noticed Tutankhamun's ghost (amateur MiGl)
  1733 | D:3      | Reached skill level 4 in Fighting
  2172 | D:3      | Reached XP level 5. HP: 33/33 MP: 5/5
  2278 | D:3      | Found a blossoming altar of Fedhas.
  3400 | D:4      | Reached XP level 6. HP: 39/39 MP: 6/6
  3545 | D:4      | Noticed Blork the orc
  3670 | D:4      | Killed Blork the orc
  3722 | D:4      | Reached skill level 5 in Fighting
  4114 | D:4      | Noticed Eustachio
  4188 | D:5      | Entered Level 5 of the Dungeon
  4290 | D:5      | Reached XP level 7. HP: 44/44 MP: 7/7
  5023 | D:5      | Reached skill level 6 in Fighting
  5068 | D:4      | Reached skill level 5 in Polearms
  5503 | D:5      | Noticed Menkaure
  5507 | D:5      | Killed Menkaure
  5507 | D:5      | Reached skill level 5 in Armour
  5507 | D:5      | Reached XP level 8. HP: 51/51 MP: 8/8
  6213 | D:6      | Found a sparkling altar of Nemelex Xobeh.
  6217 | D:6      | Found an iron altar of Okawaru.
  6217 | D:6      | Found a blossoming altar of Fedhas.
  6222 | D:6      | Found a glowing golden altar of the Shining One.
  6662 | D:6      | Noticed Grinder
  6666 | D:6      | Killed Grinder
  6666 | D:6      | Reached skill level 7 in Fighting
  6726 | D:6      | Reached XP level 9. HP: 46/57 MP: 9/9
  6797 | D:6      | Noticed Sigmund
  6818 | D:6      | Killed Sigmund
  6992 | D:6      | Found a runed translucent door.
  6993 | D:6      | Noticed Crazy Yiuf
  7291 | D:4      | Killed Eustachio
  7379 | D:3      | Killed Tutankhamun's ghost
  7726 | D:7      | Found a staircase to the Ecumenical Temple.
  8105 | D:7      | Reached skill level 8 in Fighting
  8105 | D:7      | Reached skill level 1 in Shields
  8350 | D:7      | Found a shadowy altar of Dithmenos.
  8360 | D:7      | Found a shattered altar of Ashenzari.
  8581 | Temple   | Entered the Ecumenical Temple
  8763 | Temple   | Became a worshipper of Hepliaklqana the Forgotten
  9469 | D:8      | Reached XP level 10. HP: 58/58 MP: 10/10
  9808 | D:9      | Reached * piety under Hepliaklqana
  9950 | D:9      | Found a staircase to the Lair.
 10013 | D:9      | Reached skill level 9 in Fighting
 10384 | D:9      | Found a staircase to the Orcish Mines.
 10515 | D:10     | Entered Level 10 of the Dungeon
 10595 | D:10     | Found a sacrificial altar of Ru.
 10602 | D:10     | Noticed Psyche
 10603 | D:10     | Noticed Psyche
 10603 | D:10     | Psyche changed into Psyche the fire bat
 10611 | D:10     | Killed Psyche the fire bat
 10897 | D:10     | Reached skill level 10 in Polearms
 10897 | D:10     | Reached skill level 5 in Shields
 10897 | D:10     | Reached XP level 11. HP: 42/63 MP: 11/11
 10962 | D:10     | Reached ** piety under Hepliaklqana
 10963 | D:10     | Remembered your ancestor buny as a hexer
 11087 | D:10     | Killed an unseen horror
 11328 | D:11     | Noticed a two-headed ogre
 11341 | D:11     | Killed a two-headed ogre
 11499 | D:11     | Reached skill level 10 in Fighting
 12110 | D:11     | Noticed a two-headed ogre
 12140 | D:11     | Killed a two-headed ogre
 12201 | D:11     | Noticed an unseen horror
 12208 | D:11     | Killed an unseen horror
 12435 | D:11     | Noticed a purple ugly thing
 12454 | D:11     | Killed a purple ugly thing
 12723 | D:12     | Reached skill level 10 in Armour
 12808 | D:12     | Found a portal to a secret trove of treasure.
 12889 | D:12     | Noticed an unseen horror
 12905 | D:12     | Reached XP level 12. HP: 71/71 MP: 12/12
 13203 | D:12     | Reached *** piety under Hepliaklqana
 13462 | D:12     | Reached skill level 11 in Fighting
 13872 | D:13     | Noticed a two-headed ogre
 13880 | D:13     | Killed a two-headed ogre
 13963 | D:13     | Noticed a rakshasa
 14134 | Lair:1   | Entered Level 1 of the Lair of Beasts
 14319 | Lair:1   | Reached skill level 1 in Invocations
 14715 | Lair:1   | Reached XP level 13. HP: 67/76 MP: 14/14
 14802 | Lair:1   | Got an ancient scale mail
 15153 | D:9      | Identified the cursed +0 scale mail of Baevem {rF+ rC+}
                  | (You found it on level 1 of the Lair of Beasts)
 15543 | Lair:2   | Reached **** piety under Hepliaklqana
 15645 | Lair:2   | Reached skill level 12 in Fighting
 16389 | Lair:3   | Identified 2 scrolls of acquirement
 16390 | Lair:3   | Got a clouded golden ring
 16394 | Lair:2   | Identified the ring of Furie {rN+ Int+2} (You acquired it
                  | on level 3 of the Lair of Beasts)
 16769 | Lair:3   | Found a staircase to the Shoals.
 17184 | Lair:3   | Reached skill level 10 in Shields
 17261 | Lair:3   | Reached skill level 5 in Invocations
 17773 | Lair:4   | Noticed Sonja
 18035 | Lair:4   | Got an ichor-stained plate armour
 18053 | Lair:3   | Identified the +2 plate armour of the Kangaroo {rF++ Str+2}
                  | (You found it on level 4 of the Lair of Beasts)
 18072 | Lair:4   | Found a staircase to the Snake Pit.
 18118 | Lair:4   | Killed Sonja
 18118 | Lair:4   | Gained mutation: Your large and strong wings let you fly
                  | indefinitely. [Gargoyle growth]
 18118 | Lair:4   | Reached XP level 14. HP: 82/82 MP: 18/18
 18272 | Lair:4   | Reached ***** piety under Hepliaklqana
 18343 | Lair:4   | Identified the +6 trident of Laceration {drain, +Rage rElec
                  | rN+}
 18343 | Lair:4   | Noticed Tutankhamun's ghost (journeyman GnSk)
 18344 | Lair:4   | Found a bloodstained altar of Trog.
 18347 | Lair:4   | Found a transporter.
 18379 | Lair:4   | Found a transporter.
 18879 | Lair:5   | Got a flickering brass ring
 18882 | Lair:5   | Identified the cursed ring "Gokep" {+Blink AC-2} (You found
                  | it on level 5 of the Lair of Beasts)
 19387 | Lair:5   | Found a radiant altar of Vehumet.
 19615 | Lair:5   | Found a staircase to the Slime Pits.
 19729 | Lair:6   | Entered Level 6 of the Lair of Beasts
 19779 | Lair:6   | Reached skill level 13 in Fighting
 20401 | Lair:6   | Found a large runed translucent door.
 20401 | Lair:6   | Found a large runed translucent door.
 21352 | Orc:1    | Entered Level 1 of the Orcish Mines
 21356 | Orc:1    | Noticed an orc warlord
 22247 | D:13     | Reached XP level 15. HP: 78/89 MP: 19/21
 22931 | D:14     | Found a glowing golden altar of the Shining One.
 22954 | D:14     | Found a gate to the Vaults.
 23273 | D:14     | Reached skill level 14 in Fighting
 23508 | D:15     | Entered Level 15 of the Dungeon
 23825 | D:15     | Found a sparkling altar of Nemelex Xobeh.
 23895 | D:15     | Found a basalt altar of Yredelemnul.
 24920 | D:15     | Got a crystal hand axe
 24921 | D:15     | Identified the +6 hand axe "Daim" {venom, Int+2} (You found
                  | it on level 15 of the Dungeon)
 25208 | D:15     | Found a staircase to the Depths.
 25208 | D:15     | Noticed a frost giant
 25230 | D:15     | Killed a frost giant
 25274 | Depths:1 | Entered Level 1 of the Depths
 25275 | Depths:1 | Noticed a fire giant
 25966 | D:9      | Killed an orc warlord
 26156 | Orc:2    | Entered Level 2 of the Orcish Mines
 26181 | Orc:2    | Reached XP level 16. HP: 96/96 MP: 23/23
 26596 | Orc:2    | Found a roughly hewn altar of Beogh.
 26753 | Orc:2    | Found Qakaess's Gadget Emporium.
 26780 | Orc:2    | Found Litiveco's Antique Armour Shoppe.
 27105 | Orc:2    | Found a staircase to the Elven Halls.
 27491 | Orc:2    | Found a roughly hewn altar of Beogh.
 27541 | Orc:2    | Found Vifa's Weapon Emporium.
 27943 | Orc:2    | Found Roadaczo's Armour Shop.
 28017 | Orc:1    | Noticed Jorgrun
 28033 | Orc:2    | Killed Jorgrun
 28132 | Orc:2    | Reached skill level 15 in Fighting
 28798 | Shoals:1 | Entered Level 1 of the Shoals
 28881 | Shoals:1 | Noticed Louise
 28927 | Shoals:1 | Killed Louise
 29790 | Shoals:1 | Reached skill level 15 in Armour
 30584 | Shoals:2 | Reached XP level 17. HP: 101/101 MP: 24/24
 30854 | Shoals:2 | Noticed a kraken
 30927 | Shoals:2 | Killed a kraken
 31323 | Shoals:3 | Noticed Nikola
 31357 | Shoals:3 | Killed Nikola
 31836 | Shoals:3 | Noticed a kraken
 31899 | Shoals:3 | Killed a kraken
 32031 | Shoals:3 | Noticed Polyphemus
 32050 | Shoals:3 | Reached skill level 16 in Fighting
 32057 | Shoals:3 | Killed Polyphemus
 32057 | Shoals:3 | Reached skill level 15 in Polearms
 32535 | Shoals:4 | Entered Level 4 of the Shoals
 32667 | Shoals:4 | Noticed Kirke
 32677 | Shoals:4 | Killed Kirke
 33018 | Shoals:4 | Got a faintly glowing lajatang
 33019 | Shoals:4 | Identified the +3 lajatang of Kismet {freeze, rC+ Stlth+}
                  | (You found it on level 4 of the Shoals)
 33222 | Shoals:4 | Noticed Ilsuiw
 33534 | Shoals:4 | Reached skill level 15 in Shields
 33534 | Shoals:4 | Reached XP level 18. HP: 100/109 MP: 25/25
 34100 | Shoals:4 | Got a barnacled rune of Zot
 34225 | Shoals:4 | Killed Ilsuiw
 34511 | Shoals:4 | Noticed Roxanne
 35467 | Snake:1  | Entered Level 1 of the Snake Pit
 35684 | Snake:1  | Found a large runed translucent door.
 35696 | Snake:1  | Reached skill level 17 in Fighting
 35734 | Snake:1  | Found a large runed translucent door.
 35833 | Snake:1  | Noticed Abelaar's ghost (journeyman MiBe)
 35834 | Snake:1  | Found the +10 zealot's sword {holy, *Rage rN+ EV+3}
 37694 | Snake:3  | Found a frozen archway.
 37727 | IceCv    | Entered an ice cave
 37863 | IceCv    | Reached XP level 19. HP: 115/115 MP: 26/26
 38045 | IceCv    | Noticed an Ice Fiend
 38053 | IceCv    | Noticed an Ice Fiend
 38061 | IceCv    | Killed an Ice Fiend
 38069 | IceCv    | Killed an Ice Fiend
 38770 | Snake:4  | Entered Level 4 of the Snake Pit
 40053 | Snake:4  | Reached skill level 18 in Fighting
 40130 | Snake:4  | Got a serpentine rune of Zot
 40283 | Snake:1  | Killed Abelaar's ghost
 40532 | Elf:1    | Entered Level 1 of the Elven Halls
 40737 | Elf:1    | Found a radiant altar of Vehumet.
 40751 | Elf:1    | Cast into level 4 of the Abyss (a deep elf sorcerer)
 40825 | Abyss:4  | Noticed a lich
 40871 | Abyss:4  | Found a corrupted altar of Lugonu.
 40890 | Abyss:4  | Found a corrupted altar of Lugonu.
 41002 | Abyss:4  | Noticed a bone dragon
 41093 | Abyss:4  | Noticed a lich
 41250 | Abyss:4  | Noticed a bone dragon
 41315 | Abyss:4  | Killed a bone dragon
 41349 | Abyss:4  | Found a corrupted altar of Lugonu.
 41448 | Elf:1    | Escaped the Abyss
 42019 | D:14     | Reached XP level 20. HP: 122/122 MP: 27/27
 42043 | Vaults:1 | Entered Level 1 of the Vaults
 42337 | Vaults:1 | Noticed Donald
 42342 | Vaults:1 | Killed Donald
 42826 | Vaults:1 | Reached ****** piety under Hepliaklqana
 43054 | Vaults:1 | Found Ligyrhaisk's Armour Shoppe.
 43319 | Vaults:1 | Got a jewelled helmet
 43330 | Vaults:1 | Identified the cursed +0 helmet of Rationality {Dex+5} (You
                  | found it on level 1 of the Vaults)
 43483 | Vaults:1 | Reached skill level 5 in Throwing
 43747 | Vaults:2 | Found a ruined gateway.
 43779 | Desolati | Entered the Desolation of Salt
 43823 | Desolati | Reached skill level 19 in Fighting
 43851 | Desolati | Got a scorched copper ring
 43865 | Desolati | Identified the ring of the Sneaky Queens {*Slow rN++ MP+9}
                  | (You found it in the Desolation of Salt)
 44564 | Desolati | Got a distressingly furry chain mail
 44609 | Desolati | Identified the Incunabulum of Enchanting Earth
 44858 | Desolati | Got a slimy platinum ring
 44859 | Desolati | Identified the ring "Alaobic" {*Corrode rC++ AC+1} (You
                  | found it in the Desolation of Salt)
 45099 | Desolati | Got a tiger eye-studded leather armour
 45418 | Vaults:1 | Identified the cursed +0 chain mail of Contentment {Dex+3}
                  | (You found it in the Desolation of Salt)
 45430 | Vaults:1 | Identified the +3 leather armour of the Raven {rF+ Regen+
                  | MP+9 Stlth-} (You found it in the Desolation of Salt)
 45575 | Vaults:2 | Found Qecuwk's Food Shoppe.
 45668 | Vaults:2 | Reached XP level 21. HP: 130/130 MP: 28/28
 46208 | Vaults:2 | Reached skill level 20 in Fighting
 46377 | Vaults:2 | Learned a level 1 spell: Apportation
 46379 | Vaults:2 | Learned a level 1 spell: Infusion
 46381 | Vaults:2 | Learned a level 1 spell: Magic Dart
 46384 | Vaults:2 | Learned a level 2 spell: Song of Slaying
 46499 | Vaults:3 | Found a staircase to the Crypt.
 46521 | Vaults:3 | Reached skill level 1 in Spellcasting
 46521 | Vaults:3 | Reached skill level 1 in Charms
 46842 | Vaults:3 | Identified a +0 pair of boots of running (You found it on
                  | level 3 of the Vaults)
 47056 | Vaults:3 | Paralysed by a wizard for 3 turns
 47382 | Vaults:3 | Cast into level 3 of the Abyss (a lich)
 47472 | Abyss:3  | Found a corrupted altar of Lugonu.
 47734 | Abyss:3  | Killed from afar by a wretched star

Skill      XL: |  1  2  3  4  5  6  7  8  9 10 11 12 13 14 15 16 17 18 19 20 21 |
---------------+----------------------------------------------------------------+-----
Fighting       | 3 4 5 6 7 8 9 10 11 12 13 14 15 16 17 18 19 20 | 20.0
Polearms       | 3 4 5 6 8 10 11 12 13 14 15 16 | 16.8
Armour         | 1 2 3 5 6 7 8 10 11 12 13 14 15 16 17 18 | 18.1
Shields        | 2 5 7 9 10 11 12 13 15 16 17 | 17.1
Invocations    | 2 5 8 9 |  9.4
Throwing       | 7 8 |  8.5
Spellcasting   | 4 |  4.9
Charms         | 4 |  4.9
Dodging        | |  2.4

Action                   |  1- 3 |  4- 6 |  7- 9 | 10-12 | 13-15 | 16-18 | 19-21 || total
-------------------------+-------+-------+-------+-------+-------+-------+-------++-------
Melee: Trident           |   119 |   219 |   283 |       |    10 |       |       ||   631
       Halberd           |       |       |    57 |       |       |       |       ||    57
       Spear             |       |       |   147 |  1033 |  1918 |       |       ||  3098
       Demon trident     |       |       |       |       |   100 |  1863 |  1734 ||  3697
       Unarmed           |       |       |       |       |       |     1 |       ||     1
Throw: Stone             |    28 |    15 |     8 |       |       |       |       ||    51
       Throwing net      |     1 |     4 |     3 |       |     1 |     6 |     1 ||    16
       Tomahawk          |       |    11 |    18 |    17 |     5 |    19 |       ||    70
       Javelin           |       |       |     1 |       |       |     4 |    11 ||    16
Invok: Recall Ancestor   |       |       |     1 |       |    13 |     3 |    10 ||    27
       Ancestor Identity |       |       |     1 |       |       |       |       ||     1
       Ancestor Life: He |       |       |       |     1 |       |       |       ||     1
       Idealise          |       |       |       |       |     1 |     2 |     3 ||     6
       Transference      |       |       |       |       |     4 |    18 |     2 ||    24
 Abil: Fly               |       |       |       |       |     1 |     8 |     1 ||    10
       Stop Flying       |       |       |       |       |     1 |     8 |       ||     9
Evoke: Wand              |       |     1 |    18 |     3 |    11 |     7 |     4 ||    44
  Use: Scroll            |       |     7 |     2 |    10 |    22 |    14 |    13 ||    68
       Potion            |       |     1 |     1 |     4 |     2 |     2 |    10 ||    20
 Stab: Held in net/web   |     2 |     1 |       |       |       |     1 |       ||     4
       Sleeping          |       |     1 |       |       |       |       |       ||     1
       Distracted        |       |       |     1 |     4 |    12 |    14 |    17 ||    48
       Confused          |       |       |       |     9 |    20 |    17 |    39 ||    85
       Paralysed         |       |       |       |       |    50 |    57 |    33 ||   140
  Eat: Chunk             |     2 |     6 |    10 |    18 |    24 |    17 |    11 ||    88
       Ration            |       |     1 |     2 |       |     4 |     7 |     7 ||    21
Armor: Leather armour    |    30 |    25 |       |       |       |       |       ||    55
       Chain mail        |       |   127 |   236 |       |       |    43 |       ||   406
       Plate armour      |       |       |    29 |   297 |   601 |   456 |   539 ||  1922
       Acid dragon scale |       |       |       |       |     3 |       |       ||     3
Dodge: Dodged            |    75 |   113 |   166 |    94 |   210 |   166 |   171 ||   995
Block: Shield            |       |       |       |   181 |   553 |       |   320 ||  1054
       Large shield      |       |       |       |       |   125 |  1082 |   520 ||  1727
       Reflection        |       |       |       |       |       |       |    39 ||    39
